 Dungeon Crawl Stone Soup version 0.31.0-9-g3a7656b989 (webtiles) character file.

Game seed: 6796331166454634628

22 qw the Shooter (level 2, -1/16 HPs)
             Began as a Deep Elf Hunter on Feb 2, 2024.
             Succumbed to their own poison gas
             ... on level 1 of the Dungeon.
             The game lasted 00:00:02 (699 turns).

qw the Shooter (Deep Elf Hunter)                     Turns: 699, Time: 00:00:02

Health: -1/16      AC:  5    Str:  8    XL:     2   Next: 68%
Magic:  4/4        EV: 10    Int: 13    God:
Gold:   44         SH:  0    Dex: 18    Spells: 1/1 levels left

rFire   . . .        a - +0 shortbow
rCold   . . .        (shield currently unavailable)
rNeg    . . .        f - +0 ring mail
rPois   .            (no helmet)
rElec   .            (no cloak)
rCorr   .            (no gloves)
SInv    .            (no boots)
Will    .....        (no amulet)
Stlth   +            (no ring)
HPRegen 0.22/turn    (no ring)
MPRegen 0.09/turn

%: no passive effects
@: lethally poisoned (-1 -> -11)
A: no striking features
a: no special abilities


You were on level 1 of the Dungeon.
You visited 1 branch of the dungeon, and saw 1 of its levels.

You collected 44 gold pieces.


   Skills:
 - Level 1.5 Fighting
 + Level 6.4 Ranged Weapons
 - Level 2.4 Dodging
 - Level 1.2 Stealth


You had one spell level left.
You didn't know any spells.
Your spell library was empty.

Inventory:

Hand Weapons
 a - a +0 shortbow (weapon)
Armour
 f - a +0 ring mail (worn)
Potions
 d - a potion of curing {unknown}

Dungeon Overview and Level Annotations

Branches:
Dungeon (1/15)

Altars:


Message History

You start removing your armour.
You continue taking off your +0 leather armour. x4
You finish taking off your +0 leather armour.
You start putting on your armour.
You continue putting on your +0 ring mail. x5
You finish putting on your +0 ring mail.
693 ||| DROPPING +0 leather armour.
You drop a +0 leather armour.
Done exploring.
694 ||| READING scroll labelled HOZINL WIFAAKK.
The air fills with toxic fumes!
As you read the scroll labelled HOZINL WIFAAKK, it crumbles to dust.
It was a scroll of poison.
Done exploring.
695 ||| READING scroll labelled UDDOCUX YGATOO.
As you read the scroll labelled UDDOCUX YGATOO, it crumbles to dust.
The air around you briefly surges with heat, but it dissipates.
It was a scroll of immolation.
Done exploring.
696 ||| DROPPING scroll of butterflies.
You drop a scroll of butterflies.
Done exploring.
What level of the Dungeon? (default 1, ? - help) Sorry, I don't know how to get there.
Enter note:
Enter note:
Enter note:
Enter note:
Enter note:
Enter note:
Enter note:
Enter note:
Enter note: You are engulfed in poison gas.
You are lethally poisoned!
Ouch! That really hurt!
You feel very sick.
698 ||| Stepping ~*~*~tactically~*~*~ (cloud).
You feel very sick.
Things that are here:
a scroll of butterflies; a +0 leather armour
There is a lethal amount of poison in your body!
You die...

.PPPP7PP<..8...#
#.####
...P.P7..PPP...#
#..[.#
.....PP\..PP...#
####.#
#....P...P...#.#
#.#
..#............#
#.#
#.#.:...\¤.PP..#
#.#
#.#.#..\.PP¤7P##
##.#
#.#.##...P87P¤####
#..#
#.#......P7P¤¤¤¤@#
#.##
#.####...¤P¤¤###¤#
#.# #.# ###.¤...#
#¤# #.#
#.#######...## #¤#
#.#
.......###..####¤#
#.#
...###..........¤#
#.# #..#
#####.#####¤# #.#
#..#######.#####¤#
#.#
.................#
#.#


There were no monsters in sight!

Vanquished Creatures
  2 endoplasms (D:1)
  2 giant cockroaches (D:1)
  A goblin (D:1)
  2 jackals (D:1)
  4 quokkas (D:1)
  A frilled lizard (D:1)
  5 kobolds (D:1)
  A rat (D:1)
18 creatures vanquished.

Notes
Turn   | Place    | Note
-------+----------+-------------------------------------------
     0 | D:1      | qw the Deep Elf Hunter began the quest for the Orb.
     0 | D:1      | Reached XP level 1. HP: 12/12 MP: 3/3
     0 | D:1      | 0 ||| qw: Version: 0.3-a-155-g5e7d8dd
     0 | D:1      | 0 ||| qw: Game counter: 1393
     0 | D:1      | 0 ||| qw: Melee chars always use a shield: true
     0 | D:1      | 0 ||| qw: God list: Okawaru
     0 | D:1      | 0 ||| qw: Allow faded altars: false
     0 | D:1      | 0 ||| qw: Do Orc after clearing Dungeon:15 true
     0 | D:1      | 0 ||| qw: Do second Lair branch before Depths: true
     0 | D:1      | 0 ||| qw: Lair rune preference: random
     0 | D:1      | 0 ||| qw: Goals: Normal
     0 | D:1      | 0 ||| PLANNING D:1-11
   244 | D:1      | Reached skill level 6 in Ranged Weapons
   244 | D:1      | Reached XP level 2. HP: 16/16 MP: 4/4
   268 | D:1      | Found a faded altar of an unknown god.
   683 | D:1      | 683 ||| UPGRADING to +0 ring mail.
   693 | D:1      | 693 ||| DROPPING +0 leather armour.
   694 | D:1      | 694 ||| READING scroll labelled HOZINL WIFAAKK.
   695 | D:1      | 695 ||| READING scroll labelled UDDOCUX YGATOO.
   696 | D:1      | 696 ||| DROPPING scroll of butterflies.
   697 | D:1      | HP: 4/16 [poisoned by you (poison gas)]
   698 | D:1      | 698 ||| Stepping ~*~*~tactically~*~*~ (cloud).
   698 | D:1      | HP: 1/16 [poisoned by you (poison gas)]
   699 | D:1      | Succumbed to their own poison gas

Levels and vault maps discovered:
D:1:      spicycebolla_arrival_clurvy, layout_loops_ring,
          shapermc_ecumenical_altar_venn, chequers_serial_rivers_room_b

Skill      XL: |  1 |
---------------+----+-----
Ranged Weapons | 6 |  6.4
Fighting       | |  1.5
Dodging        | |  2.4
Stealth        | |  1.2

Action                     || total
---------------------------++-------
   Fire: Shortbow          ||    44
    Use: Scroll            ||     2
 Armour: Leather armour    ||     5
  Dodge: Dodged            ||     6

Table legend:
 A = Non-vault XP
 B = Vault XP
 C = Vault XP percentage of total XP
 D = Non-vault monster count
 E = Vault monster count
 F = Vault count percentage of total count
                 A         B        C        D         E       F
            +---------+---------+-------+---------+---------+-------
      Total |      32 |       0 |   0.0 |      18 |       0 |   0.0
            +---------+---------+-------+---------+---------+-------
        D:1 |      32 |       0 |   0.0 |      18 |       0 |   0.0
            +---------+---------+-------+---------+---------+-------
